Map: 사이버 포레스트 - 래더

Players

Ragnarok (SHIN)

  • Race: Zerg Zerg
  • Spawn Location: 5:00

Rogue - Winner!

  • Race: Zerg Zerg
  • Spawn Location: 11:00

Event: IEM Season 13: Katowice (2019)

VOD

Have the link to the VOD?

Description

Time

  • Played on: March 1, 2019, 6:04 a.m.
  • Length: 9:12

All games in this series

Show
View Real Time Build Order
Export as new Build Order

Ragnarok Zerg 

Build Orders: Hatch First 

Get SALT Encoding   

  12  0:00  Drone  
  13  0:08  Drone  
  14  0:16  Overlord  
  14  0:22  Extractor, Drone  
  15  0:34  Drone  
  16  0:47  Hatchery  
  15  0:51  Drone  
  15  0:54  Drone  
  17  1:09  Spawning Pool  
  16  1:11  Drone  
  16  1:15  Drone  
  16  1:18  Drone  
  19  1:26  Extractor, Drone  
  19  1:51  Drone x2  
  21  1:59  Queen x2  
  21  2:00  Overlord  
  25  2:06  Drone  
  26  2:09  Drone  
  26  2:10  Drone  
  28  2:21  Drone x2  
  30  2:31  Drone  
  30  2:33  Overlord  
  33  2:39  Queen  
  33  2:41  Lair, Drone  
  34  2:44  Evolution Chamber  
  34  2:46  Extractor  
  34  2:47  Drone  
  33  2:53  Drone x2  
  35  3:03  Roach Warren  
  34  3:07  Drone  
  34  3:08  Drone x3  
  38  3:13  Zerg Missile Weapons Level 1  
  38  3:18  Overlord  
  38  3:22  Drone x2  
  38  3:26  Drone  
  41  3:29  Overlord  
  41  3:43  Roach x4  
  41  3:45  Glial Reconstitution  
  49  3:53  Roach x2  
  53  3:58  Roach  
  53  4:00  Overlord  
  53  4:01  Roach  
  57  4:06  Overlord  
  57  4:09  Roach  
  59  4:10  Overlord  
  59  4:17  Overlord  
  59  4:19  Roach  
  61  4:25  Roach x3  
  61  4:29  Roach  
  69  4:34  Overlord  
  69  4:37  Roach  
  71  4:40  Roach  
  73  4:49  Roach  
  73  4:52  Roach, Evolution Chamber  
  74  4:56  Queen x2  
  74  4:59  Roach  
  80  5:02  Roach  
  80  5:04  Roach  
  84  5:07  Roach  
  84  5:11  Roach  
  88  5:16  Roach  
  88  5:19  Overlord  
  78  5:23  Roach  
  78  5:27  Roach  
  66  5:30  Roach  
  66  5:34  Drone x2  
  64  5:41  Hatchery  
  63  5:44  Drone  
  63  5:48  Roach  
  63  5:49  Roach  
  68  5:52  Roach  
  68  5:55  Roach  
  58  6:01  Extractor  
  58  6:02  Roach  
  57  6:06  Roach x2, Drone  
  57  6:07  Drone  
  57  6:09  Drone  
  64  6:12  Drone  
  64  6:13  Drone  
  64  6:17  Drone  
  65  6:24  Overseer  
  65  6:25  Drone  
  66  6:35  Zerg Missile Weapons Level 2  
  66  6:37  Drone x3  
  66  6:39  Extractor  
  68  6:40  Overlord  
  68  6:41  Roach  
  68  6:42  Roach  
  72  6:50  Roach x2  
  72  6:53  Overlord  
  76  7:01  Roach x2  
  80  7:04  Roach  
  82  7:12  Drone  
  82  7:13  Drone  
  82  7:15  Drone  
  85  7:19  Drone x3  
  85  7:20  Tunneling Claws, Burrow  
  88  7:26  Roach x3  
  94  7:33  Overlord  
  94  7:34  Roach x3  
  100  7:40  Roach x2  
  100  7:42  Extractor  
  106  7:44  Roach  
  106  7:48  Overseer  
  106  7:50  Overlord x3  
  106  7:51  Overlord  
  106  7:53  Roach  
  106  7:54  Drone  
  109  8:01  Roach x2  
  113  8:08  Roach x2  
  113  8:11  Roach x3  
  113  8:12  Roach  
  111  8:14  Roach  
  111  8:15  Roach  
  111  8:17  Roach  
  99  8:20  Roach  
  99  8:23  Roach  
  99  8:24  Roach  
  99  8:26  Roach x7  
  107  8:28  Roach x3  
  107  8:30  Roach  
  107  8:32  Roach  
  109  8:35  Roach  
  109  8:36  Roach  
  109  8:37  Roach  
  109  8:39  Roach x6  
  109  8:41  Roach  
  103  8:46  Roach  
  101  8:49  Roach  
  101  8:51  Roach  
Show
View Real Time Build Order
Export as new Build Order

Rogue Zerg - Winner!

Build Orders: Hatch First 

Get SALT Encoding   

  12  0:00  Drone  
  13  0:12  Overlord  
  13  0:16  Drone  
  14  0:30  Drone  
  14  0:31  Drone  
  16  0:48  Hatchery  
  15  0:50  Drone  
  15  0:54  Drone  
  17  0:57  Drone  
  18  1:08  Extractor  
  17  1:12  Spawning Pool  
  17  1:16  Drone  
  17  1:19  Drone  
  18  1:28  Drone  
  19  1:40  Overlord  
  19  1:50  Drone  
  20  1:59  Queen x2  
  24  2:02  Drone x2  
  24  2:08  Metabolic Boost  
  26  2:12  Drone x2  
  30  2:22  Drone x2  
  30  2:33  Hatchery  
  29  2:39  Zergling x4  
  31  2:46  Drone x2  
  31  2:50  Evolution Chamber  
  32  2:53  Overlord  
  32  2:56  Drone  
  33  3:06  Zergling x4  
  33  3:09  Drone  
  33  3:11  Queen  
  38  3:14  Drone x2  
  38  3:16  Drone  
  41  3:23  Zerg Ground Armor Level 1  
  41  3:26  Overlord  
  41  3:30  Drone x2  
  41  3:32  Drone  
  44  3:45  Drone  
  44  3:47  Zergling x14  
  52  3:52  Overlord  
  52  3:55  Zergling x2  
  52  4:01  Zergling x4  
  52  4:02  Zergling x2  
  52  4:14  Roach Warren  
  52  4:15  Zergling x12  
  57  4:18  Overlord  
  58  4:24  Zergling x2  
  58  4:30  Overlord  
  58  4:41  Zergling x14  
  66  4:46  Spine Crawler  
  66  4:47  Spine Crawler  
  66  4:48  Spine Crawler  
  66  4:51  Zergling x4  
  66  4:52  Zergling x8  
  69  4:53  Overlord  
  69  5:04  Overlord  
  69  5:13  Zergling x14  
  70  5:17  Zergling x8  
  65  5:22  Zergling x4  
  65  5:28  Zergling x2  
  62  5:32  Lair  
  62  5:33  Drone x2  
  64  5:40  Zerg Missile Weapons Level 1, Drone  
  64  5:48  Drone x5  
  64  5:49  Drone  
  65  5:54  Extractor  
  58  5:58  Drone, Roach Warren  
  53  6:10  Zergling x4  
  53  6:11  Extractor, Zergling x12  
  58  6:14  Zergling x4  
  59  6:18  Drone x3  
  59  6:24  Drone x4  
  65  6:34  Drone  
  65  6:37  Glial Reconstitution  
  65  6:38  Overlord x3  
  65  6:39  Overseer  
  66  6:46  Roach x2  
  66  6:47  Roach  
  72  6:50  Overlord  
  72  6:52  Overlord  
  72  6:58  Roach x2  
  76  7:04  Roach x3  
  82  7:12  Roach x4  
  82  7:13  Overseer  
  90  7:21  Roach x4  
  98  7:28  Roach x2  
  98  7:29  Roach  
  104  7:33  Roach  
  106  7:37  Overlord  
  106  7:40  Roach x3  
  112  7:45  Overlord x2  
  112  7:52  Roach  
  112  7:53  Overlord  
  112  7:54  Overlord  
  114  8:07  Roach x5  
  120  8:13  Roach x2  
  120  8:16  Roach  
  120  8:17  Zergling x2  
  117  8:22  Roach x2  
  117  8:24  Zergling x2  
  117  8:26  Zergling x2  
  121  8:32  Roach x3  
  121  8:33  Roach  
  126  8:35  Zergling x2  
  126  8:36  Zergling x4  
  126  8:39  Roach  
  123  8:42  Roach  
  123  8:43  Roach  
  123  8:48  Roach  
  124  8:50  Roach  
  124  8:51  Zergling x4  

Tags
 
Add a new tag
Caveats
  • Supply blocks, unpowered buildings, or Contaminate may cause inaccurate times.
  • Supply counts are checked every 10 seconds.